 Dungeon Crawl Stone Soup version 0.31-a0-455-g1a7b003ef0 (webtiles) character file.

Game seed: 11930865322996089909

116 Dittersdorf the Shield-Bearer (level 5, -2/33 HPs)
             Began as a Gargoyle Fighter on Aug 3, 2023.
             Killed from afar by Ijyb (15 damage)
             ... with a bolt of light
             ... on level 3 of the Dungeon.
             The game lasted 00:01:41 (1234 turns).

Dittersdorf the Shield-Bearer (Gargoyle Fighter)    Turns: 1234, Time: 00:01:41

Health: -2/33      AC: 15    Str: 22    XL:     5   Next: 0%
Magic:  5/5        EV:  8    Int:  8    God:
Gold:   68         SH:  4    Dex:  9    Spells: 4/4 levels left

rFire   . . .        m - +2 flail (protect)
rCold   . . .        c - +0 buckler
rNeg    + . .        l - +0 chain mail
rPois   ∞            g - +0 helmet
rElec   +            p - +0 cloak
rCorr   .            (no gloves)
SInv    .            (no boots)
Will    .....        j - amulet of regeneration Stlth
                     (no ring)
HPRegen 1.05/turn    (no ring)
MPRegen 0.09/turn

%: no passive effects
@: mighty
A: sickness immunity, AC +4, negative energy resistance 1, electricity
resistance, torment resistance 1, petrification resistance
a: no special abilities


You were on level 3 of the Dungeon.
You visited 1 branch of the dungeon, and saw 3 of its levels.

You collected 68 gold pieces.

Inventory:

Hand Weapons
 m - a +2 flail of protection (weapon)
Missiles
 e - 9 poisoned darts
 n - a throwing net
Armour
 c - a +0 buckler (worn)
 g - a +0 helmet (worn)
 l - a +0 chain mail (worn)
 p - a +0 cloak (worn)
Jewellery
 j - an amulet of regeneration (around neck)
Scrolls
 a - a scroll of identify {unknown}
 b - a scroll of enchant weapon {unknown}
 h - a scroll of fear {unknown}
 i - a scroll of fog {unknown}
 k - a scroll of teleportation {unknown}
 o - a scroll of blinking {unknown}
Potions
 d - a potion of might
 f - a potion of invisibility {unknown}


   Skills:
 + Level 4.1 Fighting
 + Level 3.0 Maces & Flails
 + Level 4.1 Armour
 + Level 4.1 Shields


You had 4 spell levels left.
You didn't know any spells.
Your spell library was empty.

Dungeon Overview and Level Annotations

Branches:
Dungeon (3/15)

Altars:

Annotations:
D:3 Ijyb


Innate Abilities, Weirdness & Mutations

You are immune to sickness and miasma.
Your stone body is resilient. (AC +4)
You are immune to poison.
You resist negative energy. (rN+)
You are resistant to electric shocks. (rElec)
You are resistant to unholy torment.
You are immune to petrification.


Message History

You are confused.
Ijyb zaps a wand.
The bolt of light hits you!
You are more confused.
Ouch! That really hurt!
* * * LOW HITPOINT WARNING * * *
You are too injured to fight recklessly!
You are too injured to fight recklessly!
You are too injured to fight recklessly!
You are too injured to fight recklessly!
You are too injured to fight recklessly!
You are too injured to fight recklessly!
You are too injured to fight recklessly!
You are too injured to fight recklessly!
You are too injured to fight recklessly!
You are too injured to fight recklessly!
You are too injured to fight recklessly!
You are too injured to fight recklessly!
You are too injured to fight recklessly!
You are too injured to fight recklessly!
You are too injured to fight recklessly!
You are too injured to fight recklessly!
You are too injured to fight recklessly!
You are too injured to fight recklessly!
You are too injured to fight recklessly!
You are too injured to fight recklessly!
You are too injured to fight recklessly!
You bump into the rock wall.
Ijyb barely misses you.
You bump into the rock wall.
Ijyb closely misses you.
You're too confused to move!
Ijyb hits you with a +0 club.
* * * LOW HITPOINT WARNING * * *
You bump into the rock wall.
You feel less confused. Ijyb misses you.
You feel very mighty all of a sudden. You block Ijyb's attack.
You closely miss Ijyb. Ijyb hits you with a +0 club.
You closely miss Ijyb. Ijyb hits you with a +0 club.
You barely miss Ijyb. Ijyb completely misses you.
You barely miss Ijyb.
Ijyb zaps a wand.
The bolt of light hits you!
You die...

#..# #..##
#...
#.#####.#
#.<.....#
#.###.#####.#
#....#
#.###.# #@#
#g# #c# #.#
... #.. #^.#
.... ....


You could see Ijyb and a centaur.

Vanquished Creatures
  Crazy Yiuf (D:2)
  3 gnolls (D:2)
  2 worms (D:2)
  A dart slug (D:1)
  2 ball pythons
  4 bats
  4 endoplasms
  A giant cockroach (D:1)
  2 goblins
  7 hobgoblins
  8 jackals
  2 quokkas (D:1)
  6 frilled lizards
  2 kobolds
  5 rats
50 creatures vanquished.

Notes
Turn   | Place    | Note
-------+----------+-------------------------------------------
     0 | D:1      | Dittersdorf the Gargoyle Fighter began the quest for the
                  | Orb.
     0 | D:1      | Reached XP level 1. HP: 14/14 MP: 1/1
   177 | D:1      | Reached XP level 2. HP: 19/19 MP: 2/2
   427 | D:1      | Reached XP level 3. HP: 23/23 MP: 3/3
   878 | D:2      | Reached XP level 4. HP: 19/29 MP: 4/4
  1009 | D:2      | Found a runed translucent door.
  1010 | D:2      | Noticed Crazy Yiuf
  1137 | D:2      | Killed Crazy Yiuf
  1138 | D:2      | Reached XP level 5. HP: 15/33 MP: 5/5
  1218 | D:3      | Noticed Ijyb
  1221 | D:3      | Noticed a centaur
  1234 | D:3      | Killed from afar by Ijyb

Illustrated notes

Levels and vault maps discovered:
D:1:      mrwooster_arrival_statue, layout_basic
D:2:      layout_rooms, uniq_crazy_yiuf_cottage
D:3:      layout_loops_ring, lightli_temple_of_fire,
          gammafunk_ghost_abyssal_escape, uniq_ijyb

Skill      XL: |  1  2  3  4 |
---------------+-------------+-----
Shields        | 4 |  4.1
Fighting       | 4 |  4.1
Armour         | 4 |  4.1
Maces & Flails | 3 |  3.0

Action                     |  1- 3 |  4- 6 || total
---------------------------+-------+-------++-------
  Melee: Flail             |   149 |    28 ||   177
    Use: Potion            |       |     1 ||     1
 Armour: Scale mail        |    55 |       ||    55
         Chain mail        |    85 |    12 ||    97
  Dodge: Dodged            |   108 |    10 ||   118
  Block: Buckler           |    45 |     6 ||    51

Table legend: (Time is in decaauts)
 A = Elapsed time spent in this place.
 B = Non-inter-level travel time spent in this place.
 C = Inter-level travel time spent in this place.
 D = Time resting spent in this place.
 E = Time spent auto-exploring this place.
 F = Levels seen in this place.
 G = Mean time per level.
                   A        B        C        D        E       F      G
               +--------+--------+--------+--------+--------+-----+--------+
         Total |   1287 |   1208 |     79 |     30 |    781 |   3 |  429.0 |
       Dungeon |   1287 |   1208 |     79 |     30 |    781 |   3 |  429.0 |
               +--------+--------+--------+--------+--------+-----+--------+

Top non-repeatable levels by time:
     D:1: 639 daAuts
     D:2: 627 daAuts
     D:3: 20 daAuts
